 Dungeon Crawl Stone Soup version 0.25-a0-571-gb5e01bddfa (webtiles) character file.

Game seed: 2376829646647366386, levelgen mode: deterministic

1459 Eurus the Conjurer (level 9, -2/63 HPs)
             Began as a Human Conjurer on Feb 29, 2020.
             Slain by a killer bee (6 damage)
             ... on level 7 of the Dungeon.
             The game lasted 00:19:15 (6622 turns).

Eurus the Conjurer (Human Conjurer)                 Turns: 6622, Time: 00:19:15

Health: -2/63      AC:  8    Str:  8    XL:     9   Next: 5%
Magic:  9/17       EV: 12    Int: 22    God:
Gold:   325        SH:  0    Dex: 14    Spells: 12/19 levels left

rFire    . . .     SeeInvis .   E - +1 flail "Winefim" {freeze, Int+3}
rCold    . . .     Gourm    .   (no shield)
rNeg     . . .     Faith    .   B - +0 leather armour
rPois    .         Spirit   .   (no helmet)
rElec    .         Reflect  .   z - +0 cloak (curse)
rCorr    .         Harm     .   n - +2 pair of gloves
MR       .....                  d - +0 pair of boots
Stlth    ++........             (no amulet)
HPRegen  0.20/turn              (no ring)
MPRegen  0.15/turn              (no ring)

@: mighty, lethally poisoned (-2 -> -14)
A: no striking features
a: no special abilities


You were on level 7 of the Dungeon.
You were hungry.

You visited 1 branch of the dungeon, and saw 7 of its levels.

You collected 325 gold pieces.

Inventory:

Hand Weapons
 r - a +2 dagger of venom
 E - the +1 flail "Winefim" (weapon) {freeze, Int+3}
   (You took it off an orc on level 5 of the Dungeon)

   It has been specially enchanted to freeze those struck by it, causing extra
   injury to most foes and up to half again as much damage against particularly
   susceptible opponents.
   It can also slow down cold-blooded creatures.
   It affects your intelligence (+3).
Armour
 a - the +6 kite shield of Zimyapn {+Inv rN++ Str+4 Dex-3, unknown}
   (You found it on level 5 of the Dungeon)

   It affects your strength (+4).
   It affects your dexterity (-3).
   It greatly protects you from negative energy.
   It lets you turn invisible.
 d - a +0 pair of boots (worn)
 n - a +2 pair of gloves (worn)
 z - a cursed +0 cloak (worn)
 A - the +2 robe of the Leaf {MP+9, unknown}
   (You found it on level 4 of the Dungeon)

   It affects your magic capacity (+9).
   If you switch to wearing this armour, your AC will increase by 1 (8 -> 9).
 B - a +0 leather armour (worn)
Jewellery
 G - a +3 ring of dexterity {unknown}
Wands
 C - a wand of enslavement (5)
 H - a wand of random effects (17)
Scrolls
 e - 2 scrolls of magic mapping {unknown}
 f - a scroll of immolation {unknown}
 h - 5 scrolls of fear {unknown}
 i - 2 scrolls of amnesia {unknown}
 k - 2 scrolls of remove curse {unknown}
 l - a scroll of blinking {unknown}
 m - 8 scrolls of identify {unknown}
 p - 3 scrolls of teleportation {unknown}
 q - 5 scrolls of enchant armour {unknown}
 s - a scroll of random uselessness {unknown}
 y - a scroll of fog {unknown}
Potions
 g - a potion of curing {unknown}
 j - a potion of stabbing {unknown}
 o - a potion of haste {unknown}
 t - 2 potions of mutation {unknown}
 u - a potion of resistance {unknown}
 v - 3 potions of berserk rage {unknown}
 w - 2 potions of brilliance {unknown}
 x - 2 potions of ambrosia {unknown}
 D - a potion of magic {unknown}
Comestibles
 c - 8 rations


   Skills:
 - Level 3.0 Fighting
 - Level 3.1 Armour
 - Level 2.9 Dodging
 - Level 2.0 Stealth
 * Level 2.8 Shields
 * Level 5.5 Spellcasting
 * Level 6.9 Conjurations
 * Level 2.8 Translocations


You had 12 spell levels left.
You knew the following spells:

 Your Spells              Type           Power        Failure   Level  Hunger
a - Magic Dart            Conj           ####         1%          1    None
b - Searing Ray           Conj           #####.       1%          2    None
c - Iskenderun's Mystic   Conj/Tloc      ####....     19%         4    ####...

Your spell library contained the following spells:

 Spells                   Type           Power        Failure   Level  Hunger
 Dazzling Flash           Conj/Hex       ###...       10%         3    ##.....
 Fulminant Prism          Conj/Hex       ###.......   32%         4    ####...


Dungeon Overview and Level Annotations

Branches:
Dungeon (7/15)
 Temple: D:4-7

Altars:
Dithmenos
Elyvilon
Nemelex Xobeh
Trog
Xom
Zin
Beogh

Shops:
D:4 [   D:6 *   D:7 !

Annotations:
D:4 3 runed translucent doors, iroha's ghost, amateur CeGl
D:5 Eustachio
D:6 exclusion: orc warrior
D:7 1 runed translucent door, TheWayOfAllFlesh's ghost, novice GnMo


Message History

The killer bee stings you but does no damage.
You miss the killer bee.
You feel sick. The killer bee barely misses you.
The killer bee closely misses you. The killer bee stings you.
You are more poisoned.
The killer bee poisons you!
You sock the killer bee! You freeze the killer bee.
You kill the killer bee!
* * * LOW HITPOINT WARNING * * *
You feel very sick.
The killer bee stings you but does no damage.
The killer bee barely misses you.
You closely miss the killer bee.
* * * LOW HITPOINT WARNING * * *
You feel sick. The killer bee barely misses you. The killer bee stings you!
* * * LOW HITPOINT WARNING * * *
The killer bee closely misses you.
You miss the killer bee.
* * * LOW HITPOINT WARNING * * *
You feel sick. The killer bee stings you.
You die...

#.## #.# #.......# #.#
##.###.####### #.#
##...##.# #.#
###..#..#.##### ### #.#
#...###.......# ≈§≈# #.#
#.#..#..#.###.# ≈§§≈≈ #.#
#.##...##.....##≈≈≈.≈§
#.###†###.###.####.'...∩.y
...##.##.#.##..y@..#≈≈§.y≈
......#.###.#.###### §§§y§
......##.#.##.# §§
#.##..###.###.# ####
#.##..........# #..#
..##.######.#.# #.##
...#.######.#.# #.#
..............# #.#
...#.########.# #.#


You could see a killer bee.

Vanquished Creatures
  2 sky beasts (D:7)
  A phantom (D:7)
  A black bear (D:6)
  An ogre (D:7)
  A centaur (D:5)
  A bullfrog (D:7)
  5 killer bees (D:7)
  2 howler monkeys
  2 crimson imps
  A quasit (D:7)
  An orc priest (D:6)
  2 hounds
  An orc wizard (D:4)
  An iguana (D:4)
  Terence (D:3)
  3 worker ants
  10 adders
  A shadow imp (D:5)
  An ooze (D:2)
  2 adder skeletons (D:5)
  4 worms (D:2)
  2 dart slugs (D:3)
  5 leopard geckos
  19 orcs
  5 bats
  4 giant cockroaches
  4 goblins
  7 hobgoblins
  12 jackals
  6 kobolds
  3 quokkas
  A ball python (D:3)
  4 frilled lizards
  A leopard gecko skeleton (D:5)
  A leopard gecko zombie (D:6)
  7 rats
125 creatures vanquished.

Notes
Turn   | Place    | Note
-------+----------+-------------------------------------------
     0 | D:1      | Eurus the Human Conjurer began the quest for the Orb.
     0 | D:1      | Reached XP level 1. HP: 13/13 MP: 3/3
   364 | D:1      | Reached XP level 2. HP: 19/19 MP: 1/5
   369 | D:1      | Learned a level 2 spell: Searing Ray
   927 | D:2      | Reached XP level 3. HP: 25/25 MP: 0/6
  1073 | D:1      | Reached skill level 1 in Fighting
  1648 | D:2      | Reached skill level 1 in Armour
  1882 | D:2      | Reached XP level 4. HP: 32/32 MP: 5/8
  2482 | D:2      | Reached XP level 5. HP: 37/37 MP: 6/9
  2537 | D:2      | Found a bloodstained altar of Trog.
  2537 | D:2      | Found a white marble altar of Elyvilon.
  2879 | D:3      | Noticed Terence
  2898 | D:3      | Killed Terence
  2949 | D:3      | Reached skill level 5 in Conjurations
  2956 | D:3      | Found a shadowy altar of Dithmenos.
  3077 | D:3      | Reached XP level 6. HP: 38/44 MP: 11/11
  3425 | D:4      | Found Oferiv's Antique Armour Boutique.
  3532 | D:4      | Got a ripped robe
  3992 | D:4      | Found a runed translucent gate.
  3992 | D:4      | Found a runed translucent gate.
  3992 | D:4      | Found a runed translucent gate.
  3996 | D:4      | Noticed iroha's ghost (amateur CeGl)
  3998 | D:4      | Identified the +0 ring mail of the Gastropod {rElec Dex+3}
  3999 | D:4      | Found a roughly hewn altar of Beogh.
  4088 | D:5      | Entered Level 5 of the Dungeon
  4309 | D:5      | Reached XP level 7. HP: 29/51 MP: 7/13
  4483 | D:5      | Identified the +1 flail "Winefim" {freeze, Int+3}
  4514 | D:5      | Got a pitted kite shield
  4672 | D:5      | Noticed Eustachio
  4905 | D:6      | Found Zin's Purification Station.
  4908 | D:6      | Found a glowing silver altar of Zin.
  5122 | D:6      | Found a sparkling altar of Nemelex Xobeh.
  5531 | D:7      | Reached skill level 6 in Conjurations
  5531 | D:7      | Reached XP level 8. HP: 58/58 MP: 8/14
  5610 | D:7      | Learned a level 4 spell: Iskenderun's Mystic Blast
  5684 | D:7      | Reached skill level 1 in Shields
  5684 | D:7      | Reached skill level 1 in Translocations
  5986 | D:7      | Found a runed translucent door.
  5986 | D:7      | Found a shimmering altar of Xom.
  5986 | D:7      | Noticed TheWayOfAllFlesh's ghost (novice GnMo)
  5988 | D:7      | Noticed a +1 whip of chaos
  6043 | D:7      | Reached skill level 5 in Spellcasting
  6599 | D:7      | Found Bounwut's Distillery.
  6614 | D:7      | Reached XP level 9. HP: 41/63 MP: 8/17
  6622 | D:7      | Slain by a killer bee

Levels and vault maps discovered:
D:1:      grunt_arrival_crossed_arrows, layout_basic, minmay_crystal_room,
          minivault_19, serial_bayou_pond_d, chequers_serial_rivers_micro_c
D:2:      layout_loops_ring, gammafunk_temple_overflow_wave
D:3:      layout_rooms, marbit_many_paths, first_ration, uniq_terence
D:4:      layout_cave_pools, serial_shops, shop_fountains,
          biasface_ghost_orc_armoury
D:5:      layout_basic, minmay_temple_entry_fiery, uniq_eustachio
D:6:      layout_basic, zin_purify, kennysheep_mini, sword_in_stone
D:7:      layout_loops_ring, ebering_ghost_xom, minmay_misc_feat_four_crosses,
          kennysheep_small_circle

Skill      XL: |  1  2  3  4  5  6  7  8 |
---------------+-------------------------+-----
Fighting       | 1 2 3 |  3.0
Armour         | 1 2 3 |  3.1
Spellcasting   | 3 4 5 |  5.5
Conjurations   | 5 6 |  6.9
Shields        | 2 |  2.8
Translocations | 2 |  2.8
Dodging        | |  2.9
Stealth        | |  2.0

Action                   |  1- 3 |  4- 6 |  7- 9 || total
-------------------------+-------+-------+-------++-------
Melee: Dagger            |    55 |   144 |    21 ||   220
       Flail             |       |       |   102 ||   102
 Cast: Magic Dart        |    40 |    27 |    16 ||    83
       Searing Ray       |     3 |    13 |    13 ||    29
  Use: Potion            |       |       |     1 ||     1
 Stab: Sleeping          |     1 |     1 |       ||     2
  Eat: Chunk             |     4 |     7 |     8 ||    19
Armor: Robe              |    15 |    37 |       ||    52
       Leather armour    |       |    11 |    54 ||    65
Dodge: Dodged            |    53 |    89 |   117 ||   259

Table legend:
 A = Non-vault XP
 B = Vault XP
 C = Vault XP percentage of total XP
 D = Non-vault monster count
 E = Vault monster count
 F = Vault count percentage of total count
                 A         B        C        D         E       F
            +---------+---------+-------+---------+---------+-------
      Total |    2045 |      40 |   1.9 |     123 |       2 |   1.6
            +---------+---------+-------+---------+---------+-------
        D:1 |      45 |       0 |   0.0 |      19 |       0 |   0.0
        D:2 |     113 |       0 |   0.0 |      29 |       0 |   0.0
        D:3 |      77 |      40 |  34.2 |      15 |       2 |  11.8
        D:4 |     138 |       0 |   0.0 |      10 |       0 |   0.0
        D:5 |     304 |       0 |   0.0 |      22 |       0 |   0.0
        D:6 |     178 |       0 |   0.0 |       7 |       0 |   0.0
        D:7 |    1190 |       0 |   0.0 |      21 |       0 |   0.0
            +---------+---------+-------+---------+---------+-------
